 Dungeon Crawl Stone Soup version 0.22-a0-352-gc608dd7 (webtiles) character file.

47887 b5mith the Warrior (level 14, -19/143 HPs)
             Began as a Minotaur Berserker on Apr 13, 2018.
             Was the Champion of Trog.
             Demolished by a vampire knight
             ... wielding a +0 great sword
              (27 damage)
             ... on level 15 of the Dungeon.
             The game lasted 00:38:12 (14237 turns).

b5mith the Warrior (Minotaur Berserker)            Turns: 14237, Time: 00:38:13

Health: -19/143    AC: 23    Str: 30    XL:     14   Next: 10%
Magic:  13/13      EV: 19    Int:  4    God:    Trog [******]
Gold:   1122       SH:  0    Dex: 17    Spells: 13/13 levels left

rFire    . . .     SeeInvis +   X - +5 great mace (protect)
rCold    . . .     Gourm    +   (shield currently unavailable)
rNeg     . . .     Faith    .   j - +5 ring mail of the Several Continents {rElec Str+3 Dex+3 SInv}
rPois    .         Spirit   .   (helmet restricted)
rElec    +         Reflect  .   C - +0 cloak
rCorr    .         Harm     .   y - +2 pair of gloves
MR       +....                  g - +1 pair of boots
Stlth    +.........             M - amulet of the gourmand
HPRegen  0.33/turn              U - +3 ring of protection
MPRegen  0.13/turn              G - +4 ring of dexterity

@: berserk cooldown, very slightly contaminated, slowed, very slow
A: retaliatory headbutt, horns 2
a: Berserk, Trog's Hand, Brothers in Arms, Renounce Religion


You were on level 15 of the Dungeon.
You worshipped Trog.
Trog was exalted by your worship.
You were very full.

You visited 1 branch of the dungeon, and saw 15 of its levels.

You collected 1122 gold pieces.

Inventory:

Hand Weapons
 a - a +5 dire flail of draining
   (Trog gifted it to you on level 12 of the Dungeon)
 b - a +0 hunting sling
   (You found it on level 1 of the Dungeon)
 o - a +5 flail of freezing
   (You took it off a wight on level 11 of the Dungeon)
 X - a +5 great mace of protection (weapon)
   (Trog gifted it to you on level 14 of the Dungeon)
Missiles
 n - 17 tomahawks (quivered)
 q - 43 sling bullets
Armour
 g - a +1 pair of boots (worn)
   (You found it on level 1 of the Dungeon)
 j - the +5 ring mail of the Several Continents (worn) {rElec Str+3 Dex+3 SInv}
   (You took it off an orc priest on level 11 of the Dungeon)

   It affects your strength (+3).
   It affects your dexterity (+3).
   It insulates you from electricity.
   It lets you see invisible.
 u - the +6 scale mail of Vehumet's Delight {rPois rF+}
   (You found it on level 7 of the Dungeon)

   It protects you from fire.
   It protects you from poison.
 y - a +2 pair of gloves (worn)
   (You found it on level 4 of the Dungeon)
 C - a +0 cloak (worn)
   (You found it on level 4 of the Dungeon)
 H - the +4 moon troll leather armour {Spirit, Regen++ MP+5}
   (You found it on level 5 of the Dungeon)

   It affects your magic capacity (+5).
   It increases your rate of regeneration.
 K - the +3 leather armour of Cowardice {-Tele rPois MR+++ Int-5}
   (You found it on level 8 of the Dungeon)

   It affects your intelligence (-5).
   It protects you from poison.
   It affects your resistance to hostile enchantments.
   It prevents most forms of teleportation.
Jewellery
 h - an uncursed ring of resist corrosion
   (You found it on level 5 of the Dungeon)
 G - a +4 ring of dexterity (right hand)
   (You found it on level 5 of the Dungeon)
 M - an amulet of the gourmand (around neck)
   (You found it on level 7 of the Dungeon)
 N - an uncursed ring of protection from fire
   (You found it on level 8 of the Dungeon)
 U - a +3 ring of protection (left hand)
   (You found it on level 10 of the Dungeon)
 W - a +2 ring of dexterity
   (You found it on level 11 of the Dungeon)
Wands
 r - a wand of acid (6)
   (You found it on level 12 of the Dungeon)
 v - a wand of scattershot (5)
   (You found it on level 12 of the Dungeon)
 I - a wand of clouds (11)
   (You took it off a hobgoblin on level 6 of the Dungeon)
 S - a wand of random effects (53)
   (You found it on level 9 of the Dungeon)
 T - a wand of enslavement (8)
   (You found it on level 11 of the Dungeon)
Scrolls
 d - 4 scrolls of enchant armour
 e - 7 scrolls of identify {@r1}
 f - 2 scrolls of magic mapping {unknown}
 l - a scroll of blinking
 p - a scroll of noise {unknown}
 w - 7 scrolls of teleportation {unknown}
 A - 3 scrolls of remove curse {@r2}
 B - 3 scrolls of fog {unknown}
 J - 5 scrolls of enchant weapon
 L - a scroll of vulnerability {unknown}
 O - a scroll of random uselessness {unknown}
Potions
 i - 5 potions of curing {@q1}
 k - 2 potions of flight {unknown}
 s - 2 potions of degeneration {unknown}
 t - 4 potions of cancellation {unknown}
 x - 2 potions of haste {unknown}
 z - 2 potions of invisibility {unknown}
 D - a potion of berserk rage {unknown}
 E - a potion of brilliance {unknown}
 F - 3 potions of agility {unknown}
 P - a potion of might {unknown}
 Q - 3 potions of lignification {unknown}
 R - a potion of mutation {unknown}
Comestibles
 c - 26 rations
 V - 4 chunks of flesh


   Skills:
 + Level 18.0 Fighting
 + Level 15.5 Maces & Flails
 + Level 11.7 Armour
 + Level 10.9 Dodging


You had 13 spell levels left.
You didn't know any spells.

Dungeon Overview and Level Annotations

Branches:
Dungeon (15/15)            Temple (0/1) D:7            Lair (0/6) D:11
    Orc (0/2) D:9          Vaults (0/5) D:14
 Depths: D:15

Altars:
Gozag
Nemelex Xobeh
Sif Muna
Trog
Uskayaw
Xom
The Shining One

Shops:
D:6 *   D:13 [(   D:14 =


Innate Abilities, Weirdness & Mutations

You reflexively headbutt those who attack you in melee.
You have a pair of horns on your head.


Message History

You feel much better.
The vampire knight casts a spell.
The vampire knight flickers and vanishes for a moment.
The vampire knight completely misses you.
The vampire knight bites you but does no damage.
The floating eye changes into an elephant!
The elephant changes into a lindwurm!
The vampire knight hits you with a great sword!
* * * LOW HITPOINT WARNING * * *
The vampire knight misses you.
You feel much better.
The vampire knight is no longer moving quickly.
The vampire knight misses you. You furiously retaliate!
You headbutt the vampire knight, but do no damage.
The vampire knight closely misses you.
The vampire knight completely misses you.
The vampire knight bites you but does no damage.
As you read the scroll labeled OMPICR YCYLY, it crumbles to dust.
It is a scroll of enchant weapon.
Your +4 great mace of protection glows red for a moment.
The lindwurm changes into a swamp worm!
The four-headed hydra barely misses you.
You furiously retaliate!
You headbutt the four-headed hydra!
The four-headed hydra closely misses you.
The four-headed hydra bites you but does no damage.
The four-headed hydra closely misses you.
The vampire knight hits you with a great sword!!
* * * LOW HITPOINT WARNING * * *
The vampire knight bites you but does no damage.
The four-headed hydra barely misses you.
The four-headed hydra bites you but does no damage.
The four-headed hydra misses you.
The four-headed hydra bites you but does no damage.
Blink to where?
Press: ? - help, Dir - move target cursor You are very lightly contaminated with residual magic.
As you read the scroll labeled GARHIJ KACOAC, it crumbles to dust.
It was a scroll of blinking.
The swamp worm changes into a cyclops!
The vampire knight mumbles some strange words.
The vampire knight seems to speed up.
The four-headed hydra bites you but does no damage.
The four-headed hydra closely misses you.
The four-headed hydra completely misses you.
The four-headed hydra bites you!
* * * LOW HITPOINT WARNING * * *
The cyclops changes into a moth of wrath!
There is an open door here.
The moth of wrath changes into a salamander!
The vampire knight hits you with a great sword!!
You die...

##... #.# #.# ##..
#.#### #.# #...
#....# ..#
........##.### ##
##.####.#....#
#.#.# #....#.#
.###.##.####.#
##.##:#......#
#...##..@#####
#..#..##DV###
#..###.Z##...####
#..##[##..##.....#
..##..}##N.##.##.#
..##...##..##...#.#
.##..#.#..##..##..#
##..##...##..##...#
#..##}..##..##...##


You could see a four-headed hydra, a vampire knight (invisible), a salamander
shaped shifter and a centaur warrior simulacrum.

Vanquished Creatures
  Frances (D:14)
  Azrael (D:13)
  A yaktaur captain (D:15)
  The ghost of schwarznadel the Carver, a journeyman MiFi of Okawaru (D:10)
  4 vault guards (D:14)
  2 hydras (D:12)
  A catoblepas (D:12)
  6 two-headed ogres
  A centaur warrior (D:14)
  5 skeletal warriors (D:12)
  A sea snake (shapeshifter) (D:15)
  3 unseen horrors
  A deep elf mage (D:13)
  An orc knight (D:15)
  14 ugly things
  3 cyclopes
  A manticore (D:15)
  Psyche (D:11)
  A centaur skeleton (D:15)
  2 gargoyles
  4 yaktaurs (D:15)
  2 kobold demonologists (D:14)
  2 komodo dragons (D:11)
  2 freezing wraiths
  2 tengu conjurers (D:15)
  A harpy zombie (D:14)
  A hornet (D:12)
  5 trolls
  Grinder (D:2)
  6 hippogriffs
  8 slime creatures
  A basilisk (D:11)
  5 wyverns
  2 fire elementals (D:13)
  18 yaks
  3 hungry ghosts
  2 water moccasins
  3 acid dragons
  Duvessa (D:7)
  The ghost of NervFog the Gusty, an amateur TeAE (D:3)
  4 hell hounds (D:13)
  A soldier ant (D:12)
  4 orc warriors
  A phantom (D:8)
  2 black bears
  5 ice beasts
  7 sky beasts
  8 ogres
  9 centaurs
  5 crocodiles
  2 big kobolds
  Blork the orc (D:5)
  A gnoll sergeant (D:7)
  8 bullfrogs
  2 wyvern zombies
  Dowan (D:7)
  5 scorpions
  17 killer bees
  7 wights
  9 crimson imps
  4 howler monkeys
  A quasit (D:8)
  A wyvern simulacrum (D:14)
  4 hounds
  5 centaur zombies
  5 jellies
  2 bullfrog skeletons
  6 orc priests
  13 orc wizards
  An iguana (D:11)
  6 worker ants
  A hound zombie (D:8)
  9 adders
  8 gnolls
  2 howler monkey skeletons
  4 shadow imps
  An ooze (D:5)
  An adder skeleton (D:8)
  5 worms
  2 dart slugs
  6 leopard geckos
  55 orcs
  3 ball pythons
  2 giant cockroaches
  9 goblins
  9 hobgoblins
  11 kobolds
  2 quokkas
  3 bats
  5 frilled lizards
  A jackal skeleton (D:4)
  A jackal zombie (D:5)
  2 leopard gecko skeletons
  4 rats
414 creatures vanquished.

Vanquished Creatures (others)
  An eye of draining (D:13)
1 creature vanquished.

Grand Total: 415 creatures vanquished

Notes
Turn   | Place    | Note
-------+----------+-------------------------------------------
     0 | D:1      | b5mith the Minotaur Berserker began the quest for the Orb.
     0 | D:1      | Reached XP level 1. HP: 19/19 MP: 0/0
   555 | D:1      | Reached skill level 4 in Fighting
   555 | D:1      | Reached XP level 2. HP: 23/27 MP: 1/1
  1194 | D:2      | Reached XP level 3. HP: 34/34 MP: 2/2
  1445 | D:2      | Reached ** piety under Trog
  1910 | D:3      | Reached XP level 4. HP: 41/41 MP: 3/3
  1911 | D:3      | Noticed Grinder
  1916 | D:3      | Noticed NervFog's ghost (amateur TeAE)
  1923 | D:2      | Killed Grinder
  1923 | D:2      | Reached skill level 6 in Fighting
  1923 | D:2      | Reached XP level 5. HP: 50/50 MP: 4/4
  1964 | D:2      | Reached XP level 6. HP: 51/57 MP: 5/5
  1990 | D:3      | Killed NervFog's ghost
  2504 | D:3      | Reached skill level 7 in Fighting
  2719 | D:4      | Reached XP level 7. HP: 45/66 MP: 6/6
  2954 | D:4      | Reached *** piety under Trog
  3031 | D:4      | Found a shimmering altar of Xom.
  3367 | D:4      | Found an opulent altar of Gozag.
  3592 | D:5      | Entered Level 5 of the Dungeon
  3641 | D:5      | Reached skill level 8 in Fighting
  3684 | D:5      | Found a bloodstained altar of Trog.
  3744 | D:5      | Noticed Blork the orc
  3750 | D:5      | Killed Blork the orc
  4147 | D:5      | Found a hide-covered altar of Uskayaw.
  4148 | D:5      | Found the +4 moon troll leather armour {Spirit, Regen++ MP+5}
  4200 | D:5      | Reached XP level 8. HP: 77/77 MP: 4/7
  4455 | D:6      | Reached skill level 9 in Fighting
  5207 | D:6      | Found Ymoarr's General Store.
  5314 | D:7      | Got a distressingly furry scale mail
  5377 | D:7      | Reached **** piety under Trog
  5391 | D:7      | Found a staircase to the Ecumenical Temple.
  5452 | D:7      | Reached skill level 10 in Fighting
  5452 | D:7      | Reached skill level 10 in Maces & Flails
  5740 | D:7      | Noticed Duvessa
  5742 | D:7      | Noticed Dowan
  5750 | D:7      | Killed Duvessa
  5753 | D:7      | Reached XP level 9. HP: 80/86 MP: 8/8
  5758 | D:7      | Killed Dowan
  5790 | D:7      | Identified the +6 scale mail of Vehumet's Delight {rPois rF+} (You found it on level 7 of the Dungeon)
  5825 | D:7      | Found a glowing golden altar of the Shining One.
  5903 | D:7      | Reached skill level 11 in Fighting
  6707 | D:8      | Got an ancient leather armour
  7356 | D:8      | Reached skill level 12 in Fighting
  7677 | D:9      | Reached XP level 10. HP: 99/99 MP: 9/9
  7678 | D:9      | Found a staircase to the Orcish Mines.
  7754 | D:9      | Noticed a two-headed ogre
  7764 | D:9      | Killed a two-headed ogre
  8192 | D:9      | Found a deep blue altar of Sif Muna.
  8289 | D:10     | Entered Level 10 of the Dungeon
  8343 | D:10     | Noticed a two-headed ogre
  8351 | D:10     | Killed a two-headed ogre
  8351 | D:10     | Reached skill level 13 in Fighting
  8370 | D:10     | Killed an unseen horror
  8668 | D:10     | Found a flagged portal.
  8703 | D:10     | Noticed schwarznadel's ghost (journeyman MiFi)
  8723 | D:10     | Killed schwarznadel's ghost
  8940 | D:10     | Reached skill level 14 in Fighting
  9191 | D:10     | Identified the +3 leather armour of Cowardice {-Tele rPois MR+++ Int-5} (You found it on level 8 of the Dungeon)
  9266 | D:11     | Killed an unseen horror
  9266 | D:11     | Reached ***** piety under Trog
  9266 | D:11     | Reached XP level 11. HP: 70/110 MP: 10/10
  9562 | D:11     | Found a staircase to the Lair.
  9600 | D:11     | Noticed a cyan ugly thing
  9608 | D:11     | Killed a cyan ugly thing
  9645 | D:11     | Noticed Psyche
  9653 | D:11     | Killed Psyche
  9723 | D:11     | Got a steaming ring mail
  9797 | D:11     | Identified the +5 ring mail of the Several Continents {rElec Str+3 Dex+3 SInv} (You took it off an orc priest on level 11 of the Dungeon)
  9895 | D:11     | Reached skill level 15 in Fighting
  9895 | D:11     | Reached skill level 15 in Maces & Flails
 10274 | D:12     | Noticed a skeletal warrior
 10274 | D:12     | Noticed a skeletal warrior
 10274 | D:12     | Noticed a skeletal warrior
 10274 | D:12     | Noticed a skeletal warrior
 10274 | D:12     | Noticed a skeletal warrior
 10290 | D:12     | Killed a skeletal warrior
 10294 | D:12     | Killed a skeletal warrior
 10299 | D:12     | Killed a skeletal warrior
 10301 | D:12     | Killed a skeletal warrior
 10308 | D:12     | Killed a skeletal warrior
 10308 | D:12     | Received a gift from Trog
 10332 | D:12     | Reached skill level 5 in Armour
 10376 | D:12     | Noticed a catoblepas
 10389 | D:12     | Killed a catoblepas
 10567 | D:12     | Reached XP level 12. HP: 69/121 MP: 11/11
 10570 | D:12     | Reached skill level 5 in Dodging
 11134 | D:12     | Noticed a two-headed ogre
 11141 | D:12     | Killed a two-headed ogre
 11142 | D:12     | Noticed an eight-headed hydra
 11152 | D:12     | Killed an eight-headed hydra
 11152 | D:12     | Reached skill level 16 in Fighting
 11165 | D:12     | Noticed a four-headed hydra
 11171 | D:12     | Killed a four-headed hydra
 11433 | D:12     | Noticed a two-headed ogre
 11440 | D:12     | Killed a two-headed ogre
 11524 | D:13     | Noticed a two-headed ogre
 11532 | D:13     | Killed a two-headed ogre
 11704 | D:13     | Found Gucirr's Antique Weapon Emporium.
 11774 | D:13     | Found Qaocris's Armour Emporium.
 11968 | D:13     | Noticed Azrael
 11983 | D:13     | Killed Azrael
 11983 | D:13     | Reached XP level 13. HP: 36/130 MP: 12/12
 12767 | D:14     | Reached skill level 17 in Fighting
 12815 | D:14     | Found a labyrinth entrance.
 12823 | D:14     | Found Taniqom's Jewellery Emporium.
 12840 | D:14     | Received a gift from Trog
 13000 | D:14     | Reached skill level 10 in Armour
 13173 | D:14     | Found a gate to the Vaults.
 13213 | D:14     | Reached skill level 10 in Dodging
 13544 | D:14     | Noticed Frances
 13557 | D:14     | Killed Frances
 13577 | D:14     | Found a sparkling altar of Nemelex Xobeh.
 13634 | D:14     | Reached ****** piety under Trog
 13931 | D:15     | Entered Level 15 of the Dungeon
 14073 | D:15     | Received a gift from Trog
 14080 | D:15     | Reached XP level 14. HP: 141/141 MP: 13/13
 14106 | D:15     | Reached skill level 18 in Fighting
 14186 | D:15     | Noticed a vampire knight
 14224 | D:15     | HP: 2/214 [vampire knight/great sword (13)]
 14235 | D:15     | HP: 7/143 [four-headed hydra (12)]
 14237 | D:15     | Demolished by a vampire knight

Vault maps used:
D:1:      evilmike_arrival_hilbert_curve, serial_forest,
          infiniplex_forest_clump_long, infiniplex_forest_lined_room_2,
          infiniplex_forest_clump_small, infiniplex_forest_pool,
          infiniplex_forest_lined_2, infiniplex_forest_clump_double,
          minmay_distorted
D:2:      minmay_pentomino_r4
D:3:      first_ration, minivault_26, uniq_grinder
D:4:      lemuel_doored_altar, nicolae_gozag_seed_capital
D:5:      lemuel_round_altar, basic_altar, cheibrodos_gnoll_hut,
          uniq_blork_the_orc
D:6:      serial_shops, shop, st_stairs_7, uniq_crazy_yiuf_cottage
D:7:      overflow_temple_1_default, minmay_temple_entry_water_ring,
          uniq_duvessa
D:9:      kennysheep_mini_moat, david_orc_2
D:10:     enter_bailey_2
D:11:     erik_lair_dragon, uniq_psyche
D:12:     hangedman_pestilent_swarm, dk_noncrumbling_3, grunt_ministairs_2
D:13:     serial_shops, nicolae_shop_waterfront, nicolae_shop_stone,
          minmay_misc_feat_hallway, uniq_azrael
D:14:     lightli_vaults_fourway_checkpoint, serial_shops,
          nicolae_shop_statue_plus, basic_altar, hangedman_decor_slide_cut,
          lab_entry_generic, uniq_frances
D:15:     grunt_enter_depths_snipers, minmay_misc_feat_rows, minivault_23,
          minmay_diamond_spiral

Skill      XL: |  1  2  3  4  5  6  7  8  9 10 11 12 13 14 |
---------------+-------------------------------------------+-----
Fighting       | 4 6 7 8 10 12 14 15 16 17 18 | 18.0
Maces & Flails | 4 6 7 8 10 12 14 15 | 15.5
Armour         | 5 9 11 | 11.7
Dodging        | 4 8 10 | 10.9

Action                   |  1- 3 |  4- 6 |  7- 9 | 10-12 | 13-15 || total
-------------------------+-------+-------+-------+-------+-------++-------
Melee: Mace              |    82 |    72 |       |       |       ||   154
       Headbutt          |    10 |    13 |    23 |   117 |    76 ||   239
       Flail             |       |     1 |   158 |   202 |       ||   361
       Dire flail        |       |       |       |   182 |   163 ||   345
       Great mace        |       |       |       |       |    43 ||    43
 Fire: Hunting sling     |       |    27 |   144 |   176 |    75 ||   422
Invok: Berserk           |       |     1 |     1 |     5 |     2 ||     9
  Use: Scroll            |       |       |     7 |     5 |     2 ||    14
       Potion            |       |       |     2 |       |     2 ||     4
  Eat: Chunk             |     3 |     4 |    23 |    25 |     8 ||    63
       Ration            |       |       |     1 |       |       ||     1
Armor: Animal skin       |     5 |       |       |       |       ||     5
       Scale mail        |    14 |    25 |    45 |       |       ||    84
       Troll leather arm |       |       |    43 |   112 |       ||   155
       Ring mail         |       |       |       |    77 |    81 ||   158
Dodge: Dodged            |    40 |    43 |    99 |   229 |   169 ||   580

Table legend:
 A = Spawn XP
 B = Non-spawn XP
 C = Spawn XP percentage of total XP
 D = Spawn monster count
 E = Non-spawn monster count
 F = Spawn count percentage of total count
 G = Total turns spent on level
                    A         B        C        D         E        F      G
               +---------+---------+-------+---------+---------+-------+---------
         Total |       0 |   68410 |   0.0 |       0 |     414 |   0.0 | 14237
               +---------+---------+-------+---------+---------+-------+---------
           D:1 |       0 |      32 |   0.0 |       0 |      16 |   0.0 |  1182
           D:2 |       0 |     345 |   0.0 |       0 |      21 |   0.0 |   786
           D:3 |       0 |     277 |   0.0 |       0 |      30 |   0.0 |   701
           D:4 |       0 |     387 |   0.0 |       0 |      15 |   0.0 |   923
           D:5 |       0 |     475 |   0.0 |       0 |      21 |   0.0 |   737
           D:6 |       0 |     399 |   0.0 |       0 |       7 |   0.0 |   946
           D:7 |       0 |    1792 |   0.0 |       0 |      29 |   0.0 |  1129
           D:8 |       0 |    1565 |   0.0 |       0 |      20 |   0.0 |   982
           D:9 |       0 |    1499 |   0.0 |       0 |      21 |   0.0 |  1038
          D:10 |       0 |    3627 |   0.0 |       0 |      18 |   0.0 |   790
          D:11 |       0 |    5778 |   0.0 |       0 |      38 |   0.0 |  1060
          D:12 |       0 |   13033 |   0.0 |       0 |      53 |   0.0 |  1205
          D:13 |       0 |    9853 |   0.0 |       0 |      41 |   0.0 |  1208
          D:14 |       0 |   21390 |   0.0 |       0 |      59 |   0.0 |  1244
          D:15 |       0 |    7958 |   0.0 |       0 |      25 |   0.0 |   306
               +---------+---------+-------+---------+---------+-------+---------
